 Dungeon Crawl Stone Soup version 0.30.0-5-g1a98f26d00 (webtiles) character file.

Game seed: 177438991932660769

2594 booth the Cleaver (level 9, 0/57 HPs)
             Began as a Demonspawn Gladiator on May 9, 2023.
             Was an Elder of Hepliaklqana.
             Slain by a killer bee (1 damage)
             ... on level 6 of the Dungeon on May 10, 2023.
             The game lasted 00:37:29 (5675 turns).

booth the Cleaver (Demonspawn Gladiator)            Turns: 5675, Time: 00:37:30

Health: 0/57       AC: 11    Str: 20    XL:     9   Next: 33%
Magic:  9/9        EV: 13    Int:  9    God:    Hepliaklqana [****..]
Gold:   327        SH:  0    Dex: 14    Spells: 8/8 levels left

rFire   . . .        a - +0 war axe
rCold   . . .        (no shield)
rNeg    . . .        b - +0 leather armour
rPois   .            (helmet restricted)
rElec   .            s - +0 cloak
rCorr   +            i - +1 pair of gloves
SInv    .            h - +2 pair of boots
Will    .....        (no amulet)
Stlth   +++          j - ring of resist corrosion
HPRegen 0.29/turn    (no ring)
MPRegen 0.22/turn

%: no passive effects
@: lethally poisoned (0 -> -22)
A: reduced essence, horns 1, molten scales 1, foul stench 1, magic regeneration
a: Renounce Religion, Recall Ancestor, Ancestor Identity, Transference, Idealise


You were on level 6 of the Dungeon.
You worshipped Hepliaklqana.
Hepliaklqana was greatly pleased with you.
You visited 1 branch of the dungeon, and saw 7 of its levels.

You collected 340 gold pieces.
You spent 13 gold pieces at shops.

Inventory:

Hand Weapons
 a - a +0 war axe (weapon)
 t - a +0 hammer
Missiles
 d - 3 throwing nets (quivered)
 e - a javelin
 p - 8 poisoned darts
Armour
 b - a +0 leather armour (worn)
 h - a +2 pair of boots (worn)
 i - a +1 pair of gloves (worn)
 s - a +0 cloak (worn)
 A - +0 pearl dragon scales
Jewellery
 j - a ring of resist corrosion (left hand)
Wands
 y - a wand of paralysis (4)
Scrolls
 f - 7 scrolls of teleportation
 q - 2 scrolls of vulnerability
 r - 2 scrolls of poison
 w - a scroll of summoning {unknown}
 z - 2 scrolls of immolation
 B - a scroll of acquirement {unknown}
 D - a scroll of magic mapping {unknown}
Potions
 c - 2 potions of curing
 g - 2 potions of invisibility
 k - a potion of attraction
 l - a potion of might
 m - a potion of berserk rage
 o - a potion of lignification
 u - a potion of magic {unknown}
 x - 2 potions of haste
 C - a potion of ambrosia {unknown}
 E - a potion of cancellation {unknown}
 F - a potion of mutation {unknown}


   Skills:
 + Level 3.5 Fighting
 * Level 9.3 Axes
 + Level 2.0 Throwing
 + Level 2.5 Armour
 + Level 4.2 Dodging
 * Level 5.8 Stealth


You had 8 spell levels left.
You didn't know any spells.
Your spell library contained the following spells:

 Spells                   Type           Power      Damage    Failure   Level
 Blink                    Tloc           0%         N/A       56%         2
 Lesser Beckoning         Tloc           0%         N/A       56%         2
 Momentum Strike          Conj/Tloc      0%         3d8       56%         2
 Gell's Gravitas          Tloc           0%         N/A       80%         3
 Teleport Other           Tloc           0%         N/A       80%         3
 Manifold Assault         Tloc           0%         N/A       99%         4
 Dispersal                Tloc           0%         N/A       100%        6
 Disjunction              Tloc           0%         N/A       100%        8


Dungeon Overview and Level Annotations

Branches:
Dungeon (7/15)
 Temple: D:4-7

Altars:
Ashenzari
Cheibriados
Hepliaklqana
Makhleb
Nemelex Xobeh
Okawaru
Trog
Wu Jian
Xom
Yredelemnul

Shops:
D:6 (


Innate Abilities, Weirdness & Mutations

Your life essence is reduced to manifest your ancestor. (-10% HP)
You have a pair of small horns on your head.
You are partially covered in molten scales. (AC +2)
You may rarely emit foul miasma when damaged in melee.
You regenerate magic rapidly.


Message History

You are more poisoned.
The killer bee poisons you!
The killer bee stings you but does no damage. x2
The killer bee barely misses you.
Dejana hits the bullfrog with a +0 dagger of draining.
Dejana casts a spell at the bullfrog.
The bullfrog appears confused.
The bullfrog barely misses Dejana.
You feel very sick. The killer bee misses you. The killer bee stings you.
You are lethally poisoned!
The killer bee poisons you! The killer bee stings you.
The killer bee closely misses you.
The killer bee stings you but does no damage.
The killer bee completely misses you.
The bullfrog misses Dejana.
Dejana hits the bullfrog with a +0 dagger of draining.
Dejana drains the bullfrog.
The bullfrog dies!
You climb upwards.
* * * LOW HITPOINT WARNING * * *
You feel extremely sick.
There is a stone staircase leading down here.
You closely miss the killer bee.
The killer bee is almost dead.
You miss the killer bee.
* * * LOW HITPOINT WARNING * * *
You feel very sick.
The killer bee misses you. x2; The killer bee closely misses you.
The killer bee misses you.
Dejana gestures at the killer bee while chanting.
The killer bee resists with significant effort.
You barely miss the killer bee.
The killer bee is almost dead.
You slash the killer bee!
* * * LOW HITPOINT WARNING * * *
You feel very sick.
The killer bee stings Dejana.
The killer bee stings you.
* * * LOW HITPOINT WARNING * * *
You are more poisoned.
The killer bee poisons you! The killer bee stings you.
You die...

#.. #.. #####..
#...##' #......
######......
#######...........
#Ryy..'...........
#@######8#.#8#....
#y# ###'###.###
#.# ###.###.#
#.### #.'.')#.#
#...######.###.#
#.#....#.'.'.#.###
#.####.###.###....
#.# ###.'.'.#....
#.# ###.###....


You could see the friendly Dejana the hexer and 3 killer bees.

Vanquished Creatures
  An ogre (D:5)
  A bullfrog (D:6)
  A scorpion (D:6)
  3 necrophages (D:6)
  A water moccasin zombie (D:6)
  3 wights (D:6)
  Crazy Yiuf (D:2)
  A human zombie (D:6)
  4 orc priests
  4 orc wizards
  Natasha (D:3)
  2 mummies (D:6)
  Robin (D:3)
  6 adders
  2 gnolls (D:5)
  A worm (D:2)
  A dart slug (D:2)
  15 orcs
  5 ball pythons
  5 bats
  4 endoplasms
  3 giant cockroaches (D:1)
  12 hobgoblins
  4 jackals (D:2)
  3 kobolds
  A quokka (D:4)
  3 frilled lizards
  5 goblins
  2 rats (D:2)
96 creatures vanquished.

Vanquished Creatures (collateral kills)
  Sigmund (D:2)
  A wyvern (D:7)
  A steam dragon (D:6)
  A hornet zombie (D:6)
  An ice beast (D:5)
  A black bear (D:4)
  A sky beast (D:6)
  An ogre (D:5)
  A phantom (D:4)
  A bullfrog (D:7)
  A necrophage (D:6)
  A scorpion (D:5)
  A killer bee (D:7)
  A howler monkey (D:6)
  A hound (D:5)
  A jelly (D:3)
  A sleepcap (D:6)
  Terence (D:2)
  2 orc wizards
  3 adders
  A gnoll (D:5)
  A white imp (D:5)
  An ufetubus (D:6)
  A worm (D:3)
  A dart slug (D:3)
  3 orcs (D:5)
  A ball python (D:4)
  3 giant cockroaches
  6 goblins
  A hobgoblin (D:3)
  7 jackals (D:2)
  7 kobolds
  A quokka (D:5)
  3 bats
  A frilled lizard (D:2)
61 creatures vanquished.

Vanquished Creatures (others)
  A hexer (D:2)
1 creature vanquished.

Grand Total: 158 creatures vanquished

Notes
Turn   | Place    | Note
-------+----------+-------------------------------------------
     0 | D:1      | booth the Demonspawn Gladiator began the quest for the Orb.
     0 | D:1      | Reached XP level 1. HP: 16/16 MP: 1/1
   294 | D:1      | Found a faded altar of an unknown god.
   300 | D:1      | Prayed at the altar of an unknown god.
   300 | D:1      | Became a worshipper of Hepliaklqana the Forgotten
   300 | D:1      | Reached * piety under Hepliaklqana
   382 | D:1      | Gained mutation: You have a pair of small horns on your
                  | head. [demonic ancestry]
   382 | D:1      | Reached XP level 2. HP: 19/19 MP: 2/2
   507 | D:1      | Reached skill level 3 in Axes
  1008 | D:2      | Reached ** piety under Hepliaklqana
  1012 | D:2      | Noticed Sigmund
  1013 | D:2      | Remembered your ancestor Dejana as a hexer
  1026 | D:2      | Killed Sigmund
  1027 | D:2      | Reached skill level 4 in Axes
  1027 | D:2      | Reached skill level 1 in Stealth
  1027 | D:2      | Gained mutation: You may rarely emit foul miasma when
                  | damaged in melee. [demonic ancestry]
  1027 | D:2      | Reached XP level 3. HP: 11/25 MP: 3/3
  1027 | D:2      | Reached XP level 4. HP: 13/30 MP: 4/4
  1027 | D:2      | Reached XP level 5. HP: 16/35 MP: 5/5
  1351 | D:2      | Noticed Terence
  1362 | D:2      | Killed Terence
  1505 | D:2      | Reached skill level 1 in Armour
  1613 | D:2      | Reached XP level 6. HP: 39/41 MP: 6/6
  1959 | D:2      | Found a runed translucent door.
  1960 | D:2      | Noticed Crazy Yiuf
  1970 | D:2      | Killed Crazy Yiuf
  2182 | D:3      | Reached skill level 5 in Axes
  2422 | D:3      | Found an iron altar of Okawaru.
  2434 | D:3      | Noticed Robin
  2444 | D:3      | Killed Robin
  2479 | D:3      | Found a snail-covered altar of Cheibriados.
  2623 | D:3      | Noticed Natasha
  2633 | D:3      | Killed Natasha
  2823 | D:4      | Reached XP level 7. HP: 41/45 MP: 7/7
  2854 | D:4      | Found a broken altar of Ashenzari.
  2990 | D:4      | Reached skill level 6 in Axes
  3116 | D:4      | Reached *** piety under Hepliaklqana
  3201 | D:4      | Found a shimmering altar of Xom.
  3446 | D:5      | Entered Level 5 of the Dungeon
  3651 | D:5      | Gained mutation: You are partially covered in molten
                  | scales. (AC +2) [demonic ancestry]
  3651 | D:5      | Reached XP level 8. HP: 51/51 MP: 8/8
  3709 | D:5      | Reached skill level 7 in Axes
  4273 | D:6      | Found an ornate altar of the Wu Jian Council.
  4275 | D:6      | Found a bloodstained altar of Trog.
  4410 | D:6      | Found Baock's Weapon Emporium.
  4433 | D:6      | Bought 2 poisoned darts for 13 gold pieces
  4610 | D:6      | Reached skill level 8 in Axes
  4644 | D:6      | Found a basalt altar of Yredelemnul.
  4671 | D:6      | Reached skill level 5 in Stealth
  4694 | D:6      | Gained mutation: You regenerate magic rapidly. [demonic
                  | ancestry]
  4694 | D:6      | Reached XP level 9. HP: 43/57 MP: 9/9
  4797 | D:6      | Found a sparkling altar of Nemelex Xobeh.
  4953 | D:6      | Found a burning altar of Makhleb.
  5125 | D:6      | Reached skill level 9 in Axes
  5387 | D:6      | Reached **** piety under Hepliaklqana
  5675 | D:6      | HP: 1/57 [killer bee (4)]
  5675 | D:6      | Slain by a killer bee

Illustrated notes

Levels and vault maps discovered:
D:1:      kennysheep_arrival_forest, layout_basic,
          dreamdust_ecumenical_altar_angels_and_demons
D:2:      layout_basic, minmay_pentomino_t2, uniq_crazy_yiuf_cottage,
          uniq_sigmund, uniq_terence
D:3:      layout_rooms, mainiacjoe_overflow_big_doors, uniq_robin, uniq_natasha
D:4:      nicolae_BIG_FREAKIN_CUBE, layout_rooms, kennysheep_mini_moat,
          lemuel_doored_altar
D:5:      layout_loops_ring, zin_treasury, grunt_ministairs_15
D:6:      layout_basic, trog_book, nemelex_xobeh_ov_fountains_minmay,
          mainiacjoe_overflow_alcove_1, lemuel_mausoleum_altar_yredelemnul,
          nicolae_wu_jian_wuxing_cycle, nicolae_ossuary_entry_false_entrances,
          serial_shops, nicolae_shop_peninsula, minmay_misc_feat_secret_circle,
          eino_tiny_chamber
D:7:      layout_rooms, nicolae_kikubaaqudgha_miasma_corner,
          nicolae_uskayaw_dance_hall, nicolae_dithmenos_the_darkroom,
          minmay_temple_entry_purple_smoke, uniq_prince_ribbit1

Skill      XL: |  1  2  3  4  5  6  7  8  9 |
---------------+----------------------------+-----
Axes           | 4 5 6 8 9 |  9.3
Dodging        | 3 4 |  4.2
Stealth        | 1 2 3 5 |  5.8
Armour         | 1 2 |  2.5
Fighting       | 3 |  3.5
Throwing       | 2 |  2.0

Action                     |  1- 3 |  4- 6 |  7- 9 || total
---------------------------+-------+-------+-------++-------
  Melee: War axe           |    45 |    91 |   212 ||   348
         Headbutt          |     6 |    13 |    43 ||    62
         Punch             |       |     1 |     4 ||     5
  Throw: Dart              |       |       |     1 ||     1
 Invoke: Ancestor Identity |     1 |       |       ||     1
         Recall Ancestor   |     1 |       |       ||     1
         Ancestor Life: He |     1 |       |       ||     1
    Use: Scroll            |     2 |     5 |     4 ||    11
         Potion            |       |     1 |     5 ||     6
   Stab: Confused          |       |     2 |     3 ||     5
         Sleeping          |       |     1 |     9 ||    10
         Distracted        |       |       |     6 ||     6
 Armour: Leather armour    |    21 |    45 |    77 ||   143
  Dodge: Dodged            |    46 |    73 |   110 ||   229
